AoeStats
← Chris

Nomad

506571909Analyzed
4v4 RM · 19d ago on Sep 14, 2026· 45m 14s· 8 players
Game mode
Random Map
Map size
231×231
Population
200
Speed
Normal
Resources
Standard
Victory
Conquest
Starting age
Dark Age
Ending age
Imperial Age
RankedLock teamsTeams togetherTeam positionsShared explorationLock speedFull tech treeHidden civsTurbo modeCheats
Victory
Defeat
🇨🇴 Spanish · Colombia
1440
+14
🇨🇴 Italians · Colombia
1431
+14
🇨🇳 Hindustanis · China
1429
+14
🇨🇳 Mapuche · China
1429
+14
🇹🇼 Teutons · Taiwan
1444
-16
🇺🇸 Chinese · United States
1392
-14
🇮🇳 Dravidians · India
1375
-13
🇮🇳 Wei · India
1373
-13
HellScr3aM
3:17 Loom
15:07 Feudal Age
15:15 Feudal Age
19:31 Castle Age
18:07 Double-Bit Axe
20:48 Bow Saw
20:53 Horse Collar
21:13 Gold Mining
25:16 Heavy Plow
27:26 Wheelbarrow
26:40 Fishing Lines
27:25 Stone Mining
28:15 Gold Shaft Mining
28:55 Pikeman
29:35 Squires
29:42 Scale Barding Armor
30:38 Husbandry
35:02 Hand Cart
34:48 Fletching
35:24 Bodkin Arrow
36:40 Chain Barding Armor
37:09 Forging
37:39 Bloodlines
38:23 Stone Shaft Mining
37:53 Scale Mail Armor
41:08 Imperial Age
39:15 Iron Casting
39:15 Tuntian
39:37 Chain Mail Armor
41:11 Halberdier
42:53 Blast Furnace
42:42 Conscription
43:49 Heavy Hei Guang Cavalry
44:49 Bracer
44:49 Padded Archer Armor
44:36 Arson
Chris
2:58 Loom
15:25 Feudal Age
16:09 Double-Bit Axe
16:21 Fishing Lines
20:40 Castle Age
19:45 Bloodlines
19:43 Scale Barding Armor
19:48 Forging
20:40 Light Cavalry
21:21 Husbandry
21:49 Chain Barding Armor
22:04 Iron Casting
22:13 Wheelbarrow
21:34 Gillnets
22:43 Bow Saw
31:22 Fletching
32:42 Horse Collar
38:45 Heavy Plow
39:11 Great Wall
39:42 Masonry
39:51 Guard Tower
41:16 Bodkin Arrow
MortalKombat
4:44 Loom
13:58 Feudal Age
15:22 Fletching
17:24 Wheelbarrow
21:36 Castle Age
20:14 Double-Bit Axe
22:26 Bodkin Arrow
22:47 Medium Warships
23:31 Forging
23:34 Fishing Lines
24:18 Bow Saw
26:00 Gillnets
30:58 Gold Mining
31:36 Hand Cart
31:47 Hand Cart
31:19 Town Watch
31:43 Stone Mining
33:38 Elite Skirmisher
37:33 Imperial Age
35:36 Ballistics
35:18 Horse Collar
35:58 Padded Archer Armor
38:00 Heavy Plow
38:24 Crossbowman
40:27 Crossbowman
40:30 Elite Elephant Archer
41:26 Town Patrol
42:41 Bracer
42:48 Thumb Ring
44:17 Leather Archer Armor
(3A) Lü Bu king
9:32 Loom
12:40 Feudal Age
14:08 Fletching
14:50 Town Watch
14:49 Fishing Lines
15:58 Stone Mining
18:49 Horse Collar
19:20 Double-Bit Axe
28:11 Castle Age
30:47 Bow Saw
34:01 Gillnets
36:27 Heavy Plow
38:14 Wheelbarrow
40:08 Hand Cart
41:30 Fortified Wall
juand400
4:40 Loom
13:52 Feudal Age
17:47 Castle Age
16:11 Double-Bit Axe
16:48 Horse Collar
17:24 Town Watch
20:39 Padded Archer Armor
23:32 Gold Mining
24:54 Wheelbarrow
27:21 Leather Archer Armor
30:08 Bloodlines
29:59 Husbandry
31:33 Heavy Plow
31:45 Bow Saw
31:28 Stone Mining
34:07 Hand Cart
37:33 Imperial Age
36:12 Stone Shaft Mining
37:32 Light Cavalry
38:37 Conscription
38:54 Ring Archer Armor
38:19 Elite Conquistador
40:28 Hoardings
40:51 Hussar
41:41 Scale Barding Armor
41:47 Forging
41:27 Fletching
maxwell54
8:15 Loom
13:38 Feudal Age
14:30 Town Watch
16:21 Fletching
23:31 Castle Age
22:27 Double-Bit Axe
23:22 Horse Collar
24:22 Wheelbarrow
25:06 Gold Mining
25:30 Bow Saw
35:36 Medium Warships
43:38 Imperial Age
41:26 Heavy Plow
43:10 Hand Cart
44:48 Heavy Warships
Prigozhin
4:30 Loom
13:47 Feudal Age
14:58 Double-Bit Axe
17:32 Castle Age
15:54 Gold Mining
18:06 Fletching
18:28 Bow Saw
18:06 Horse Collar
19:08 Bodkin Arrow
20:19 Padded Archer Armor
23:28 Wheelbarrow
29:47 Ballistics
31:44 Stone Mining
35:19 Imperial Age
34:29 Heavy Plow
35:06 Gold Shaft Mining
35:42 Leather Archer Armor
37:02 Elite Bolas Rider
39:21 Chemistry
38:44 Pikeman
40:05 Malon
40:25 Conscription
41:32 Halberdier
43:57 Ring Archer Armor
43:28 Scale Mail Armor
45:26 Butalmapu
i'm a pupil
3:06 Loom
14:01 Feudal Age
15:18 Fishing Lines
18:50 Scale Barding Armor
19:33 Forging
23:59 Castle Age
22:26 Gold Mining
22:16 Horse Collar
23:48 Bloodlines
24:14 Light Cavalry
29:23 Double-Bit Axe
32:17 Bow Saw
34:36 Wheelbarrow
34:55 Gold Shaft Mining
34:21 Heavy Plow
36:05 Hand Cart
36:06 Stone Mining
37:18 Husbandry
39:57 Imperial Age
37:33 Town Watch
37:52 Husbandry
40:16 Chain Barding Armor
40:32 Iron Casting
40:11 Grand Trunk Road
40:29 Fletching
40:23 Heavy Camel Rider
41:39 Plate Barding Armor
41:27 Conscription
42:36 Two-Man Saw
41:12 Siege Elephant
42:01 Imperial Camel Rider
43:33 Iron Casting
45:23 Blast Furnace
44:29 Fletching
46:24 Hoardings
Connection lost

Rejoining the realm…

Still unreachable

The connection could not be restored.

Session expired

The server has moved on; the page needs a fresh start.